 Dungeon Crawl Stone Soup version 0.29.1-12-g30fa7ad0bf (webtiles) character file.

Game seed: 15085096188459552012

42 Descartes the Grasshopper (level 3, -1/28 HPs)
             Began as a Formicid Warper on Jan 16, 2023.
             Slain by a gnoll
             ... wielding a +0 whip
              (4 damage)
             ... on level 2 of the Dungeon.
             The game lasted 00:03:20 (1583 turns).

Descartes the Grasshopper (Formicid Warper)         Turns: 1583, Time: 00:03:20

Health: -1/28      AC:  6    Str: 17    XL:     3   Next: 80%
Magic:  6/6        EV: 10    Int: 12    God:
Gold:   99         SH:  0    Dex: 13    Spells: 6/6 levels left

rFire   . . .      SeeInvis +   a - +0 hand axe
rCold   . . .      Faith    .   (no shield)
rNeg    . . .      Spirit   .   f - +0 scale mail
rPois   .          Reflect  .   (helmet unavailable)
rElec   .          Harm     .   (no cloak)
rCorr   .          Rampage  .   (no gloves)
Will    .....                   (no boots)
Stlth   ..........              (no amulet)
HPRegen 0.09/turn               (no ring)
MPRegen 0.10/turn               (no ring)

@: no status effects
A: permanent stasis, dig shafts and tunnels, antennae 3, four strong arms
a: Dig, Shaft Self


You were on level 2 of the Dungeon.
You visited 1 branch of the dungeon, and saw 2 of its levels.

You collected 99 gold pieces.

Inventory:

Hand Weapons
 a - a +0 hand axe (weapon)
Missiles
 c - 7 boomerangs of dispersal (quivered)
Armour
 b - a +0 leather armour
 f - a +0 scale mail (worn)
Scrolls
 j - a scroll of identify {unknown}
 k - a scroll of amnesia {unknown}
 l - a scroll of enchant weapon {unknown}
Potions
 d - a potion of curing {unknown}
 e - a potion of ambrosia {unknown}
 g - a potion of degeneration {unknown}
 h - a potion of lignification {unknown}
 i - a potion of mutation {unknown}


   Skills:
 + Level 2.6 Fighting
 + Level 2.3 Axes
 + Level 1.5 Throwing
 + Level 1.8 Armour
 - Level 1.7 Dodging
 + Level 1.2 Shields
 - Level 2.1 Spellcasting
 + Level 2.9 Translocations


You had 6 spell levels left.
You didn't know any spells.
Your spell library contained the following spells:

 Spells                   Type           Power      Damage    Failure   Level
 Gell's Gravitas          Tloc           8%         N/A       63%         3
 Lesser Beckoning         Tloc           8%         N/A       63%         3
 Teleport Other           Tloc           8%         N/A       63%         3
 Fireball                 Conj/Fire      0%         3d3       100%        5
 Manifold Assault         Tloc           8%         N/A       100%        5
 Starburst                Conj/Fire      0%         6d3       100%        6
 Ignition                 Fire           0%         3d3       100%        8
 Blink                    Tloc           Unusable   N/A       N/A         2

Dungeon Overview and Level Annotations

Branches:
Dungeon (2/15)

Altars:


Innate Abilities, Weirdness & Mutations

You cannot be hasted, slowed, berserked, paralysed or teleported.
You can dig through walls and to a lower floor.
You have a pair of large antennae on your head. (SInv)
Your four strong arms can wield two-handed weapons with a shield.


Message History

The giant cockroach attacks as you move away!
The giant cockroach bites you but does no damage. x2
The giant cockroach misses you.
The giant cockroach bites you but does no damage.
The giant cockroach attacks as you move away!
The giant cockroach bites you but does no damage.
The giant cockroach attacks as you move away!
The giant cockroach bites you but does no damage.
The giant cockroach waves its antennae.
The giant cockroach closely misses you.
You hit the giant cockroach.
You kill the giant cockroach!
The gnoll misses you.
You slash the gnoll!
The gnoll is severely wounded.
The gnoll barely misses you.
You hit the gnoll but do no damage.
The gnoll is heavily wounded.
The gnoll hits you with a +0 spear.
You barely miss the gnoll.
The gnoll is heavily wounded.
The gnoll hits you but does no damage. The gnoll barely misses you.
You hit the gnoll but do no damage.
The gnoll is heavily wounded.
The gnoll closely misses you.
You hit the gnoll but do no damage.
The gnoll is heavily wounded.
The gnoll hits you with a +0 spear.
* * * LOW HITPOINT WARNING * * *
You slash the gnoll!
You kill the gnoll!
You slash the gnoll!
The gnoll is heavily wounded.
The gnoll barely misses you.
You hit the gnoll but do no damage.
The gnoll is heavily wounded.
The gnoll hits you with a +0 whip.
* * * LOW HITPOINT WARNING * * *
The gnoll hits you with a +0 whip.
You die...

####.##g#.# ##...#
..........# ###.#
####.##.###### #.#
#..g...# #.# ######.#
#.# #.# #.# ### #.#
#.# #.# ### #g#
#.####.# ...#@#
#......#
###.#.#############.#
#...................#
#.#.#.###############
#.#........ #
#########


You could see a gnoll.

Vanquished Creatures
  A gnoll (D:2)
  A worm (D:2)
  2 ball pythons
  A bat (D:1)
  4 endoplasms (D:1)
  3 giant cockroaches
  3 goblins
  A hobgoblin (D:1)
  4 quokkas
  5 frilled lizards
  A kobold (D:2)
  A rat (D:1)
27 creatures vanquished.

Notes
Turn   | Place    | Note
-------+----------+-------------------------------------------
     0 | D:1      | Descartes the Formicid Warper began the quest for the Orb.
     0 | D:1      | Reached XP level 1. HP: 16/16 MP: 3/3
     0 | D:1      | Noticed a large abomination
     0 | D:1      | Noticed a large abomination
     2 | D:1      | Noticed an ice dragon
     4 | D:1      | Noticed an iron dragon
     5 | D:1      | Noticed a tentacled monstrosity
     6 | D:1      | Noticed an orb of fire
     7 | D:1      | Noticed a large abomination
     8 | D:1      | Noticed a large abomination
    11 | D:1      | Noticed a tentacled monstrosity
    13 | D:1      | Noticed a tentacled monstrosity
    15 | D:1      | Noticed an ice dragon
    15 | D:1      | Noticed a large abomination
    15 | D:1      | Noticed an orb of fire
    17 | D:1      | Noticed a tentacled monstrosity
    17 | D:1      | Noticed a tentacled monstrosity
    19 | D:1      | Noticed a green draconian
    21 | D:1      | Noticed a tentacled monstrosity
   278 | D:1      | Found a faded altar of an unknown god.
   391 | D:1      | Reached XP level 2. HP: 7/22 MP: 5/5
  1140 | D:1      | Reached XP level 3. HP: 24/28 MP: 6/6
  1255 | D:2      | Reached skill level 1 in Shields
  1583 | D:2      | Slain by a gnoll

Illustrated notes

Levels and vault maps discovered:
D:1:      shiori_arrival_whats_in_store_for_you, layout_rooms,
          ebering_ecumenical_altar_abandoned
D:2:      layout_basic, nicolae_elevator_lobby_asterisk

Skill      XL: |  1  2  3 |
---------------+----------+-----
Shields        | 1 |  1.2
Fighting       | |  2.6
Axes           | |  2.3
Throwing       | |  1.5
Armour         | |  1.8
Dodging        | |  1.7
Spellcasting   | |  2.1
Translocations | |  2.9

Action                   || total
-------------------------++-------
Melee: Hand axe          ||   116
Armor: Scale mail        ||    58
Dodge: Dodged            ||    67
